| TOP OF THE 1ST |
|
Niagara Falls Phantoms batting - Pitching for Hamilton Cardinals : LHP J.T. Ready
|
|
Pitching: LHP J.T. Ready
|
|
|
Batting: RHB Alfredo Mendez
|
0-0: Called Strike 0-1: Swinging Strike 0-2: Ball 1-2: Strikes out swinging
|
|
Batting: RHB Jim O'Dwyer
|
0-0: Called Strike 0-1: Foul Ball, location: 2F 0-2: Fly out, F3 (Popup, 34, EV 60.6 MPH)
|
|
Batting: RHB Jonathan Feldstein
|
0-0: Fly out, F8 (Flyball, 78M, EV 93.1 MPH)
|
| Top of the 1st over - 0 runs, 0 hits, 0 errors, 0 left on base; Niagara Falls 0 - Hamilton 0 |
| BOTTOM OF THE 1ST |
|
Hamilton Cardinals batting - Pitching for Niagara Falls Phantoms : LHP Gordon Jing
|
|
Pitching: LHP Gordon Jing
|
|
|
Batting: RHB Juan Carrillo
|
0-0: Ball 1-0: Foul Ball, location: 2F 1-1: Ground out 4-3 (Groundball, 4, EV 79.4 MPH)
|
|
Batting: RHB Jonathan Winkler
|
0-0: Called Strike 0-1: Foul Ball, location: 2F 0-2: Ball 1-2: Ball 2-2: Foul Ball, location: 2F 2-2: Ball 3-2: SINGLE (Groundball, 6MD, EV 103.1 MPH)
|
|
Batting: LHB Ignacio Ocampo
|
0-0: Ball Jonathan Winkler steals 2nd, throwing error, E2 Jonathan Winkler to third 1-0: Ball 2-0: Ground out 6-3 (Groundball, 6, EV 80.0 MPH) Jonathan Winkler scores
|
|
Batting: RHB Kyle Franken
|
0-0: Ball 1-0: SINGLE (Groundball, 6MD, EV 96.2 MPH)
|
|
Batting: LHB Pete Mitchell
|
0-0: Ball 1-0: SINGLE (Groundball, 56S, EV 76.2 MPH) (infield hit) Kyle Franken to second
|
|
Batting: SHB J.T. Ready
|
0-0: Foul Ball, location: 2F 0-1: Swinging Strike 0-2: Ground out 4-3 (Groundball, 4M, EV 100.0 MPH)
|
| Bottom of the 1st over - 1 run, 3 hits, 1 error, 2 left on base; Niagara Falls 0 - Hamilton 1 |
| TOP OF THE 2ND |
|
Niagara Falls Phantoms batting - Pitching for Hamilton Cardinals : LHP J.T. Ready
|
|
Batting: RHB Scott Cuff
|
0-0: Ball 1-0: Ball 2-0: Called Strike 2-1: Foul Ball, location: 2F 2-2: Ground out 6-3 (Groundball, 6, EV 93.8 MPH)
|
|
Batting: RHB Bailey Hays
|
0-0: Ball 1-0: Ball 2-0: Called Strike 2-1: Called Strike 2-2: Foul Ball, location: 2F 2-2: Strikes out looking
|
|
Batting: LHB Dave Ortiz
|
0-0: Foul Ball, location: 2F 0-1: Fly out, F7 (Flyball, 7LD, EV 90.0 MPH)
|
| Top of the 2nd over - 0 runs, 0 hits, 0 errors, 0 left on base; Niagara Falls 0 - Hamilton 1 |
| BOTTOM OF THE 2ND |
|
Hamilton Cardinals batting - Pitching for Niagara Falls Phantoms : LHP Gordon Jing
|
|
Batting: SHB Brad Meyer
|
0-0: Ground out U3 (Groundball, 3, EV 91.2 MPH)
|
|
Batting: SHB Felipe Campanella
|
0-0: Ball 1-0: Foul Ball, location: 2F 1-1: Foul Ball, location: 2F 1-2: Strikes out swinging
|
|
Batting: RHB Oscar Higareda
|
0-0: Called Strike 0-1: Ground out U3 (Groundball, 34, EV 103.1 MPH)
|
| Bottom of the 2nd over - 0 runs, 0 hits, 0 errors, 0 left on base; Niagara Falls 0 - Hamilton 1 |
| TOP OF THE 3RD |
|
Niagara Falls Phantoms batting - Pitching for Hamilton Cardinals : LHP J.T. Ready
|
|
Batting: LHB Rip Log
|
0-0: Foul Ball, location: 2F 0-1: Called Strike 0-2: Strikes out swinging
|
|
Batting: RHB Brian Biordi
|
0-0: Ball 1-0: Fly out, F9 (Flyball, 89M, EV 90.6 MPH)
|
|
Batting: RHB Juan Perez
|
0-0: Ground out 5-3 (Groundball, 56S, EV 73.8 MPH)
|
| Top of the 3rd over - 0 runs, 0 hits, 0 errors, 0 left on base; Niagara Falls 0 - Hamilton 1 |
| BOTTOM OF THE 3RD |
|
Hamilton Cardinals batting - Pitching for Niagara Falls Phantoms : LHP Gordon Jing
|
|
Batting: RHB Juan Carrillo
|
0-0: Foul Ball, location: 2F 0-1: Swinging Strike 0-2: Ball 1-2: Ball 2-2: Foul Ball, location: 2F 2-2: Fly out, F8 (Flyball, 8LD, EV 96.9 MPH)
|
|
Batting: RHB Jonathan Winkler
|
0-0: Foul Ball, location: 2F 0-1: Ball 1-1: Called Strike 1-2: Strikes out swinging
|
|
Batting: LHB Ignacio Ocampo
|
0-0: Called Strike 0-1: Ball 1-1: Foul Ball, location: 2F 1-2: Foul Ball, location: 2F 1-2: Foul Ball, location: 2F 1-2: DOUBLE (Flyball, 8RXD, EV 105.0 MPH)
|
|
Batting: RHB Kyle Franken
|
0-0: Ball 1-0: Ground out 6-3 (Groundball, 6, EV 82.5 MPH)
|
| Bottom of the 3rd over - 0 runs, 1 hit, 0 errors, 1 left on base; Niagara Falls 0 - Hamilton 1 |
| TOP OF THE 4TH |
|
Niagara Falls Phantoms batting - Pitching for Hamilton Cardinals : LHP J.T. Ready
|
|
Batting: RHB Alfredo Mendez
|
0-0: Called Strike 0-1: Ball 1-1: Called Strike 1-2: Foul Ball, location: 2F 1-2: Ball 2-2: Foul Ball, location: 2F 2-2: Foul Ball, location: 2F 2-2: Foul Ball, location: 2F 2-2: Strikes out swinging
|
|
Batting: RHB Jim O'Dwyer
|
0-0: Ball 1-0: Foul Ball, location: 2F 1-1: Hit by Pitch
|
|
Batting: RHB Jonathan Feldstein
|
0-0: Fielders Choice at 2nd, 5-4 (Groundball, 56D, EV 106.2 MPH)
|
|
Batting: RHB Scott Cuff
|
0-0: Fly out, F3 (Popup, 3F, EV 61.2 MPH)
|
| Top of the 4th over - 0 runs, 0 hits, 0 errors, 1 left on base; Niagara Falls 0 - Hamilton 1 |
| BOTTOM OF THE 4TH |
|
Hamilton Cardinals batting - Pitching for Niagara Falls Phantoms : LHP Gordon Jing
|
|
Batting: LHB Pete Mitchell
|
0-0: Swinging Strike 0-1: Ball 1-1: Swinging Strike 1-2: Strikes out swinging
|
|
Batting: SHB J.T. Ready
|
0-0: Ball 1-0: Swinging Strike 1-1: Ball 2-1: Called Strike 2-2: Ball 3-2: SINGLE (Groundball, 25, EV 67.5 MPH) (infield hit)
|
|
Batting: SHB Brad Meyer
|
0-0: Ball 1-0: Swinging Strike 1-1: Ball 2-1: Foul Ball, location: 2F 2-2: Fly out, F7 (Flyball, 78D, EV 100.0 MPH)
|
|
Batting: SHB Felipe Campanella
|
0-0: Ball 1-0: Swinging Strike 1-1: Ball 2-1: Ball 3-1: Foul Ball, location: 2F 3-2: Strikes out swinging
|
| Bottom of the 4th over - 0 runs, 1 hit, 0 errors, 1 left on base; Niagara Falls 0 - Hamilton 1 |
| TOP OF THE 5TH |
|
Niagara Falls Phantoms batting - Pitching for Hamilton Cardinals : LHP J.T. Ready
|
|
Batting: RHB Bailey Hays
|
0-0: Swinging Strike 0-1: Foul Ball, location: 2F 0-2: Strikes out swinging
|
|
Batting: LHB Dave Ortiz
|
0-0: Swinging Strike 0-1: Foul Ball, location: 2F 0-2: Ball 1-2: Foul Ball, location: 2F 1-2: Ball 2-2: Foul Ball, location: 2F 2-2: Fly out, F7 (Flyball, 78S, EV 88.1 MPH)
|
|
Batting: LHB Rip Log
|
0-0: Ball 1-0: Ball 2-0: Ball 3-0: Called Strike 3-1: Swinging Strike 3-2: Base on Balls
|
|
Batting: RHB Brian Biordi
|
0-0: Ball 1-0: Fielders Choice at 2nd, 6-4 (Groundball, 6, EV 81.9 MPH)
|
| Top of the 5th over - 0 runs, 0 hits, 0 errors, 1 left on base; Niagara Falls 0 - Hamilton 1 |
| BOTTOM OF THE 5TH |
|
Hamilton Cardinals batting - Pitching for Niagara Falls Phantoms : LHP Gordon Jing
|
|
Batting: RHB Oscar Higareda
|
0-0: Called Strike 0-1: Foul Ball, location: 2F 0-2: Ball 1-2: Ball 2-2: Strikes out swinging
|
|
Batting: RHB Juan Carrillo
|
0-0: Fly out, F8 (Line Drive, 8RS, EV 99.4 MPH)
|
|
Batting: RHB Jonathan Winkler
|
0-0: Called Strike 0-1: Fly out, F8 (Flyball, 8RM, EV 80.6 MPH)
|
| Bottom of the 5th over - 0 runs, 0 hits, 0 errors, 0 left on base; Niagara Falls 0 - Hamilton 1 |
| TOP OF THE 6TH |
|
Niagara Falls Phantoms batting - Pitching for Hamilton Cardinals : LHP J.T. Ready
|
|
Batting: RHB Juan Perez
|
0-0: Ball 1-0: Ball 2-0: Swinging Strike 2-1: Swinging Strike 2-2: Strikes out looking
|
|
Batting: RHB Alfredo Mendez
|
0-0: Called Strike 0-1: Foul Ball, location: 2F 0-2: Ball 1-2: Strikes out swinging
|
|
Batting: RHB Jim O'Dwyer
|
0-0: Foul Ball, location: 2F 0-1: Foul Ball, location: 2F 0-2: Ball 1-2: Ball 2-2: Ground out 4-3 (Groundball, 4, EV 91.2 MPH)
|
| Top of the 6th over - 0 runs, 0 hits, 0 errors, 0 left on base; Niagara Falls 0 - Hamilton 1 |
| BOTTOM OF THE 6TH |
|
Hamilton Cardinals batting - Pitching for Niagara Falls Phantoms : LHP Gordon Jing
|
|
Batting: LHB Ignacio Ocampo
|
0-0: Called Strike 0-1: Ball 1-1: Ball 2-1: Called Strike 2-2: Ball 3-2: Base on Balls
|
|
Batting: RHB Kyle Franken
|
0-0: Foul Ball, location: 2F 0-1: Called Strike 0-2: Ball 1-2: Ball 2-2: Foul Ball, location: 2F 2-2: Grounds into double play, 5-4-3 (Groundball, 56, EV 78.8 MPH)
|
|
Batting: LHB Pete Mitchell
|
0-0: Ball 1-0: Ball 2-0: Called Strike 2-1: Swinging Strike 2-2: Ball 3-2: Strikes out swinging
|
| Bottom of the 6th over - 0 runs, 0 hits, 0 errors, 0 left on base; Niagara Falls 0 - Hamilton 1 |
| TOP OF THE 7TH |
|
Niagara Falls Phantoms batting - Pitching for Hamilton Cardinals : LHP J.T. Ready
|
|
Pinch Hitting: LHB Luis Ponce
|
0-0: Foul Ball, location: 2F 0-1: Ball 1-1: Foul Ball, location: 2F 1-2: Foul Ball, location: 2F 1-2: Strikes out swinging
|
|
Batting: RHB Scott Cuff
|
0-0: Ball 1-0: Ball 2-0: Called Strike 2-1: DOUBLE (Groundball, 5L, EV 102.5 MPH)
|
|
Pitching: LHP Hylnur Albertsson
|
|
|
Pinch Hitting: SHB Jay Gagnon
|
0-0: Ball 1-0: Called Strike 1-1: Foul Ball, location: 2F 1-2: Foul Ball, location: 2F 1-2: Reached on error, E4 (Groundball, 4, EV 76.9 MPH) Scott Cuff to third
|
|
Batting: LHB Dave Ortiz
|
0-0: Called Strike Jay Gagnon steals 2nd base 0-1: Foul Ball, location: 2F 0-2: Ball 1-2: Ball 2-2: Foul Ball, location: 2F 2-2: Foul Ball, location: 2F 2-2: Foul Ball, location: 2F 2-2: Ball 3-2: Fly out, F4 (Line Drive, 4, EV 65.0 MPH)
|
|
Pinch Hitting: RHB Todd Wolters
|
0-0: SINGLE (Line Drive, 8RS, EV 105.0 MPH) Scott Cuff scores Jay Gagnon to third Runner from 3rd tries for Home, SAFE, throw by CF to home
|
|
Batting: RHB Brian Biordi
|
0-0: Ball 1-0: Called Strike 1-1: Foul Ball, location: 2F 1-2: SINGLE (Line Drive, 34D, EV 94.4 MPH) Todd Wolters to second Runner from 2nd tries for 3rd, OUT! 9-5
|
| Top of the 7th over - 2 runs, 3 hits, 1 error, 1 left on base; Niagara Falls 2 - Hamilton 1 |
| BOTTOM OF THE 7TH |
|
Hamilton Cardinals batting - Pitching for Niagara Falls Phantoms : LHP Gordon Jing
|
|
Now at 3B: Jose Villanueva
|
|
|
Now in LF: Victor Reyna
|
|
|
Now in RF: Jay Gagnon
|
|
|
Batting: SHB J.T. Ready
|
0-0: Called Strike 0-1: Foul Ball, location: 2F 0-2: Ball 1-2: Foul Ball, location: 2F 1-2: Foul Ball, location: 2F 1-2: Ball 2-2: DOUBLE (Flyball, 8RXD, EV 107.5 MPH)
|
|
Pinch Hitting: RHB Pablo Nunez
|
0-0: Ball 1-0: Foul Ball, location: 2F 1-1: Ball 2-1: Called Strike 2-2: SINGLE (Groundball, P, EV 83.1 MPH) (infield hit) J.T. Ready to third
|
|
Pinch Hitting: SHB Kelly Brooks
|
0-0: Called Strike 0-1: Ball 1-1: Called Strike 1-2: Strikes out swinging
|
|
Pitching: LHP Daniel Fagan
|
|
|
Batting: RHB Oscar Higareda
|
0-0: Foul Ball, location: 2F 0-1: Called Strike 0-2: Ball 1-2: Strikes out swinging
|
|
Batting: RHB Juan Carrillo
|
0-0: Fly out, F7 (Flyball, 7, EV 88.8 MPH)
|
| Bottom of the 7th over - 0 runs, 2 hits, 0 errors, 2 left on base; Niagara Falls 2 - Hamilton 1 |
| TOP OF THE 8TH |
|
Niagara Falls Phantoms batting - Pitching for Hamilton Cardinals : LHP Hylnur Albertsson
|
|
Now at 1B: Diego Herrera
|
|
|
Now at 3B: Seung-kab Park
|
|
|
Batting: RHB Juan Perez
|
0-0: Ball 1-0: Ball 2-0: Ball 3-0: Called Strike 3-1: Foul Ball, location: 2F 3-2: Fly out, F7 (Flyball, 7D, EV 88.8 MPH)
|
|
Batting: RHB Alfredo Mendez
|
0-0: Swinging Strike 0-1: Foul Ball, location: 2F 0-2: Foul Ball, location: 2F 0-2: Ball 1-2: Foul Ball, location: 2F 1-2: Strikes out swinging
|
|
Batting: RHB Jim O'Dwyer
|
0-0: Fly out, F3 (Popup, 3, EV 71.2 MPH)
|
| Top of the 8th over - 0 runs, 0 hits, 0 errors, 0 left on base; Niagara Falls 2 - Hamilton 1 |
| BOTTOM OF THE 8TH |
|
Hamilton Cardinals batting - Pitching for Niagara Falls Phantoms : LHP Daniel Fagan
|
|
Now at 2B: Hui Li
|
|
|
Batting: RHB Jonathan Winkler
|
0-0: Ball 1-0: Foul Ball, location: 2F 1-1: Ball 2-1: Foul Ball, location: 2F 2-2: Foul Ball, location: 2F 2-2: Fly out, F8 (Line Drive, 8RM, EV 106.9 MPH)
|
|
Batting: LHB Ignacio Ocampo
|
0-0: Called Strike 0-1: Ball 1-1: Ball 2-1: Called Strike 2-2: Ball 3-2: Foul Ball, location: 2F 3-2: Base on Balls
|
|
Batting: RHB Kyle Franken
|
0-0: Swinging Strike 0-1: Ball 1-1: Foul Ball, location: 2F 1-2: Ball 2-2: Foul Ball, location: 2F 2-2: Ball 3-2: Fly out, F8 (Line Drive, 8RM, EV 90.6 MPH)
|
|
Pitching: RHP Rick Shaw
|
|
|
Batting: LHB Pete Mitchell
|
0-0: Foul Ball, location: 2F 0-1: Ball 1-1: Ball 2-1: Called Strike 2-2: Ball 3-2: Base on Balls Ignacio Ocampo to second
|
|
Pitching: RHP Kenny Samuels
|
|
|
Batting: SHB J.T. Ready
|
0-0: Ball 1-0: Ball 2-0: Ball 3-0: Base on Balls Ignacio Ocampo to third Pete Mitchell to second
|
|
Batting: RHB Seung-kab Park
|
0-0: Ball 1-0: Ball 2-0: Ball 3-0: Base on Balls Ignacio Ocampo scores Pete Mitchell to third J.T. Ready to second
|
|
Batting: RHB Diego Herrera
|
0-0: Called Strike 0-1: Ball 1-1: Ball 2-1: Ball 3-1: Base on Balls Pete Mitchell scores J.T. Ready to third Seung-kab Park to second
|
|
Batting: RHB Oscar Higareda
|
0-0: Called Strike 0-1: Foul Ball, location: 2F 0-2: Ball Wild Pitch! J.T. Ready scores Seung-kab Park to third Diego Herrera to second 1-2: Ground out 4-3 (Groundball, 4, EV 85.6 MPH)
|
| Bottom of the 8th over - 3 runs, 0 hits, 0 errors, 2 left on base; Niagara Falls 2 - Hamilton 4 |
| TOP OF THE 9TH |
|
Niagara Falls Phantoms batting - Pitching for Hamilton Cardinals : LHP Hylnur Albertsson
|
|
Pitching: RHP David Lopez
|
|
|
Batting: RHB Jose Villanueva
|
0-0: Ball 1-0: Ball 2-0: Ball 3-0: Called Strike 3-1: Called Strike 3-2: Strikes out looking
|
|
Batting: RHB Scott Cuff
|
0-0: Called Strike 0-1: Ball 1-1: Ball 2-1: Swinging Strike 2-2: Strikes out swinging
|
|
Batting: SHB Jay Gagnon
|
0-0: Ball 1-0: Foul Ball, location: 2F 1-1: Ball 2-1: Foul Ball, location: 2F 2-2: Ball 3-2: SINGLE (Groundball, 4MD, EV 101.2 MPH) (infield hit)
|
|
Batting: LHB Dave Ortiz
|
0-0: Foul Ball, location: 2F 0-1: Called Strike 0-2: Ball 1-2: Strikes out swinging
|
| Top of the 9th over - 0 runs, 1 hit, 0 errors, 1 left on base; Niagara Falls 2 - Hamilton 4 |
|